Match 42184723
Unlisted

Match 42184723
End
Pioneer Squad
Construct Infanterie Kompanie
MG 42 Machine Gun Team
Grenadier Squad
GrW 34 Mortar Team
Grenadier Squad
Construct Luftwaffe Kompanie
221 Scout Car
Jäger Squad
Support Elements
Selects Mechanized Battlegroup
Selects Mobile Repair Stations
Unsafe
Warlockek
Happy
stunta
AM
Bobtheorangutan
0
0

Comments sign in to comment!

No comments posted yet!